Map: Thunderbird LE

Players

brahts - Winner!

  • Race: Zerg Zerg
  • League: Platinum
  • Spawn Location: 11:00

SandboX

  • Race: Zerg Zerg
  • League: Gold
  • Spawn Location: 5:00

VOD

Have the link to the VOD?

Description

Time

  • Played on: Aug. 10, 2019, 2:06 p.m.
  • Length: 8:12
Show
View Real Time Build Order
Export as new Build Order

brahts Zerg - Winner!

Build Orders: Hatch First 

Get SALT Encoding   

  12  0:01  Drone  
  13  0:14  Overlord  
  13  0:16  Drone  
  14  0:33  Drone x2  
  16  0:50  Hatchery  
  16  0:54  Extractor  
  14  1:09  Spawning Pool  
  14  1:10  Drone  
  14  1:16  Drone  
  15  1:21  Drone  
  15  1:25  Drone  
  17  1:40  Drone  
  18  1:57  Metabolic Boost  
  18  1:58  Queen  
  20  2:01  Zergling x4  
  20  2:07  Drone x2  
  24  2:20  Drone x2  
  24  2:21  Baneling Nest  
  25  2:30  Zergling x4  
  25  2:35  Drone  
  28  2:50  Overlord  
  28  2:52  Overlord  
  28  3:08  Queen  
  28  3:10  Zergling x12  
  36  3:22  Baneling  
  36  3:29  Baneling  
  36  3:39  Zergling x2  
  36  3:40  Zergling x10  
  40  3:54  Baneling  
  40  3:55  Baneling  
  39  3:56  Zergling x4  
  41  4:05  Zergling x2  
  41  4:06  Zergling x2  
  43  4:13  Hatchery  
  38  4:23  Zergling x2  
  36  4:24  Zergling x6  
  36  4:27  Baneling x3  
  35  4:35  Zergling x2  
  35  4:36  Zergling x2  
  37  4:44  Zergling x2  
  38  4:57  Zergling x6  
  41  5:06  Drone  
  42  5:13  Drone x2  
  43  5:14  Roach Warren  
  37  5:40  Zergling x14  
  37  5:41  Zergling x12  
  40  5:53  Zergling x2  
  40  5:54  Zergling x2, Drone  
  40  5:55  Drone x2  
  45  5:57  Drone, Extractor  
  45  6:03  Queen  
  47  6:04  Drone  
  47  6:10  Drone x2  
  43  6:31  Zergling x4  
  43  6:32  Zergling x10  
  50  6:33  Overlord x2  
  50  6:39  Baneling x5  
  50  6:40  Baneling x4  
  50  6:45  Overlord  
  43  7:11  Zergling x2  
  43  7:12  Zergling x16  
  52  7:16  Baneling x4  
  52  7:28  Zergling x2  
  52  7:29  Zergling x14  
  57  7:44  Zergling x6  
  57  7:45  Zergling x4  
Show
View Real Time Build Order
Export as new Build Order

SandboX Zerg 

Build Orders: Hatch First 

Get SALT Encoding   

  12  0:01  Drone  
  13  0:15  Drone  
  14  0:22  Overlord  
  14  0:42  Drone x2  
  16  0:43  Drone  
  17  0:55  Hatchery  
  16  0:59  Drone  
  17  1:04  Drone  
  17  1:06  Extractor  
  17  1:19  Spawning Pool  
  17  1:21  Drone  
  17  1:26  Drone  
  18  1:36  Drone  
  19  1:49  Overlord  
  19  2:08  Zergling x4  
  21  2:11  Queen x2  
  21  2:12  Metabolic Boost  
  21  2:14  Drone  
  26  2:18  Drone  
  26  2:20  Drone  
  28  2:30  Drone x2  
  30  2:47  Hatchery  
  29  2:59  Baneling Nest  
  29  3:01  Drone x3  
  29  3:05  Overlord  
  31  3:17  Drone x4  
  35  3:21  Zergling x2  
  35  3:31  Zergling x10  
  40  3:38  Queen  
  40  3:40  Zergling x2  
  40  3:46  Zergling x4  
  41  3:54  Zergling x4  
  38  4:01  Zergling x2  
  30  4:07  Baneling  
  30  4:09  Zergling x2  
  21  4:35  Zergling x12  
  27  4:53  Zergling x6  
  30  5:07  Zergling x6  
  30  5:08  Zergling x2  
  34  5:14  Baneling  
  34  5:15  Baneling x3  
  34  5:16  Baneling  
  34  5:20  Baneling x2  
  21  5:46  Zergling x10  
  22  5:59  Zergling x6  
  25  6:08  Baneling x2  
  25  6:09  Baneling x2  
  25  6:21  Zergling x6  
  21  6:30  Zergling x4  
  23  6:35  Zergling x2  
  24  6:45  Baneling x5  
  22  7:08  Zergling x10  
  22  7:14  Zergling x4  
  14  7:27  Zergling x2  
Tags
 
Add a new tag
Caveats
  • Supply blocks, unpowered buildings, or Contaminate may cause inaccurate times.
  • Supply counts are checked every 10 seconds.